 Dungeon Crawl Stone Soup version 0.31.0-1-g2c135a008e (webtiles) character file.

Game seed: 10120771535774874048

280 qw the Shooter (level 6, -7/46 HPs)
             Began as a Djinni Hunter on Jan 23, 2024.
             Was a Follower of Okawaru.
             Mangled by a wight
             ... wielding a +0 halberd
              (12 damage)
             ... on level 4 of the Dungeon.
             The game lasted 00:00:09 (2853 turns).

qw the Shooter (Djinni Hunter)                      Turns: 2853, Time: 00:00:10

Health: -7/46      AC:  5    Str: 10    XL:     6   Next: 52%
Gold:   100        EV: 11    Int: 11    God:    Okawaru [*.....] SH:  0 Dex: 18

rFire   + + .        a - +0 shortbow (flame)
rCold   x . .        (shield currently unavailable)
rNeg    . . .        g - +0 ring mail
rPois   inf          (no helmet)
rElec   .            (no cloak)
rCorr   .            (no gloves)
SInv    .            (boots unavailable)
Will    .....        (no amulet)
Stlth   +            (no ring)
HPRegen 0.27/turn    (no ring)
MPRegen 0.00/turn

%: infuse magic (-8 HP)
@: flying
A: sickness immunity, fire resistance 2, cold vulnerability 1, float, innate
caster, HP casting, extra vitality 1
a: Renounce Religion, Heroism


You were on level 4 of the Dungeon.
You worshipped Okawaru.
Okawaru was aware of your devotion.
You visited 1 branch of the dungeon, and saw 4 of its levels.

You collected 100 gold pieces.


Innate Abilities, Weirdness & Mutations

You are immune to sickness and miasma.
You are immune to poison.
Your flesh is very heat resistant. (rF++)
You are vulnerable to cold. (rC-)
You float through the air rather than walking.
You learn spells naturally, not from books.
Your magical power is your life essence.
You have superior vitality. (+4 MHP)


   Skills:
 + Level 3.1 Fighting
 - Level 5.1 Ranged Weapons
 - Level 1.2 Armour
 - Level 3.4 Dodging
 - Level 0.7 Stealth
 + Level 0.0 Invocations


You knew the following spells:

 Your Spells              Type           Power      Damage    Failure   Level
a - Apportation           Tloc           0%         N/A       65%         1
b - Jinxbite              Hex            0%         N/A       80%         2
Your spell library was empty.

Inventory:

Hand Weapons
 a - a +0 shortbow of flaming (weapon)
Armour
 g - a +0 ring mail (worn)
Scrolls
 b - a scroll of teleportation {unknown}
Potions
 h - a potion of attraction {unknown}

Dungeon Overview and Level Annotations

Branches:
Dungeon (4/15)
 Temple: D:4-7

Altars:
Okawaru
The Shining One


Message History

Okawaru accepts your kill.
You can now gain great but temporary skills.
Your Dodging skill increases to level 3!
You start resting.
HP restored.
Things that are here:
a +0 battleaxe; a +0 robe; a scorpion corpse
Things that are here:
a +7 dire flail; a +0 robe 2 wights come into view.
You shoot an arrow.
The arrow hits the wight but does no damage.
You shoot an arrow.
The arrow hits the wight but does no damage.
You shoot an arrow.
The arrow hits the wight but does no damage.
You shoot an arrow. The arrow hits the wight!
The arrow burns the wight.
The wight is almost destroyed.
The wight closely misses you.
You shoot an arrow. The arrow barely misses the wight.
The arrow closely misses the wight.
The wight hits you with a +0 falchion! The wight closely misses you.
You shoot an arrow. The arrow hits the wight.
The arrow burns the wight.
The wight is moderately damaged.
The wight hits you with a +0 falchion.
The wight hits you from afar with a +0 halberd.
The wight barely misses you. The wight hits you with a +0 falchion.
You shoot an arrow.
The arrow hits the wight but does no damage.
The wight is moderately damaged.
The wight closely misses you.
The wight hits you from afar with a +0 halberd!
You shoot an arrow. The arrow closely misses the wight. x2
The wight barely misses you. The wight closely misses you.
You shoot an arrow. The arrow closely misses the wight. x2
The wight closely misses you.
The wight hits you from afar with a +0 halberd!
The wight hits you with a +0 falchion!
The wight hits you from afar with a +0 halberd!
You die...

## #.. ########
..#. #####
#......# #...
...# #.####.#
.##...###.###<##
#.#
.....zz@)))....#
#(#
.##.$####.###..#
#.# # .).# #..#
#.# #####
#..###.#
#......#
##.##### #.# .#.
.. ..


You could see 2 wights.

Vanquished Creatures
  A scorpion (D:4)
  2 wights (D:4)
  5 adders
  A white imp (D:3)
  3 dart slugs (D:3)
  A ribbon worm (D:3)
  2 orcs (D:4)
  4 endoplasms
  4 giant cockroaches
  3 goblins
  4 hobgoblins
  6 quokkas
  9 ball pythons
  4 bats
  3 frilled lizards
  A goblin zombie (D:3)
  3 hobgoblin zombies (D:3)
  2 kobolds
  A kobold skeleton (D:3)
  2 kobold zombies (D:3)
  2 orc skeletons (D:3)
  2 orc zombies (D:3)
  8 rats
73 creatures vanquished.

Notes
Turn   | Place    | Note
-------+----------+-------------------------------------------
     0 | D:1      | qw the Djinni Hunter began the quest for the Orb.
     0 | D:1      | Reached XP level 1. HP: 18/18 MP: 0/0
     0 | D:1      | 0 ||| qw: Version: 0.3-a-135-gb77e89d
     0 | D:1      | 0 ||| qw: Game counter: 848
     0 | D:1      | 0 ||| qw: Melee chars always use a shield: true
     0 | D:1      | 0 ||| qw: God list: Okawaru
     0 | D:1      | 0 ||| qw: Allow faded altars: false
     0 | D:1      | 0 ||| qw: Do Orc after clearing Dungeon:15 true
     0 | D:1      | 0 ||| qw: Do second Lair branch before Depths: true
     0 | D:1      | 0 ||| qw: Lair rune preference: random
     0 | D:1      | 0 ||| qw: Goals: Normal
     0 | D:1      | 0 ||| PLANNING D:1-11
    55 | D:1      | Reached XP level 2. HP: 23/23 MP: 0/0
   405 | D:1      | HP: 4/23 [quokka (4)]
   407 | D:1      | Reached skill level 4 in Ranged Weapons
   407 | D:1      | Reached XP level 3. HP: 5/28 MP: 0/0
   407 | D:1      | Learned a level 1 spell: Apportation
   860 | D:1      | 860 ||| READING scroll labelled XUWITR YSIX.
   861 | D:1      | 861 ||| READING 2 scrolls labelled HYROBE PI RUX.
   861 | D:1      | 861 ||| IDENTIFYING emerald potion
   862 | D:1      | 862 ||| READING scroll of identify.
   862 | D:1      | 862 ||| IDENTIFYING smoky green potion
   863 | D:1      | 863 ||| READING scroll labelled RIFUDU QAGITAA.
   864 | D:1      | 864 ||| READING scroll labelled ISUMIL GUDUM BOFI.
   865 | D:1      | 865 ||| DROPPING scroll of butterflies.
   866 | D:1      | 866 ||| DROPPING potion of berserk rage.
   867 | D:1      | 867 ||| DROPPING potion of invisibility.
  1666 | D:2      | 1666 ||| READING scroll labelled PAMMOG EXTODGH.
  1666 | D:2      | 1666 ||| ENCHANTING +0 shortbow.
  1667 | D:2      | 1667 ||| READING scroll labelled WAYFAI LUOJIYL.
  1667 | D:2      | 1667 ||| BRANDING +0 shortbow.
  1668 | D:2      | 1668 ||| DRINKING 2 fizzy coppery potions.
  1669 | D:2      | 1669 ||| DRINKING sedimented clear potion.
  1670 | D:2      | 1670 ||| DRINKING fuming white potion.
  1715 | D:2      | 1715 ||| DROPPING potion of ambrosia.
  1750 | D:3      | 1750 ||| STAIRDANCE
  1760 | D:3      | Reached skill level 3 in Fighting
  1760 | D:3      | Reached XP level 4. HP: 35/35 MP: 0/0
  1934 | D:3      | Found an iron altar of Okawaru.
  1935 | D:3      | 1935 ||| PLANNING OKAWARU WORSHIP
  1935 | D:3      | 1935 ||| UPGRADING to +0 ring mail.
  1945 | D:3      | 1945 ||| DROPPING +0 leather armour.
  1946 | D:3      | 1946 ||| READING scroll of identify.
  1946 | D:3      | 1946 ||| IDENTIFYING smoky purple potion
  1947 | D:3      | 1947 ||| READING scroll labelled FAEDOG ISMEE.
  1948 | D:3      | 1948 ||| DROPPING potion of brilliance.
  1953 | D:3      | Became a worshipper of Warmaster Okawaru
  1954 | D:3      | 1954 ||| PLANNING D:1-11
  2014 | D:3      | Reached skill level 1 in Armour
  2103 | D:3      | Found a glowing golden altar of the Shining One.
  2107 | D:3      | Reached XP level 5. HP: 36/40 MP: 0/0
  2107 | D:3      | Learned a level 2 spell: Jinxbite
  2635 | D:3      | 2635 ||| READING scroll of identify.
  2635 | D:3      | 2635 ||| IDENTIFYING sapphire potion
  2694 | D:4      | HP: 2/40 [wight/+7 dire flail (14)]
  2695 | D:4      | 2695 ||| DRINKING potion of heal wounds.
  2786 | D:4      | 2786 ||| FLEEEEING.
  2793 | D:4      | Reached skill level 5 in Ranged Weapons
  2793 | D:4      | Reached XP level 6. HP: 44/46 MP: 0/0
  2803 | D:4      | Reached * piety under Okawaru
  2804 | D:4      | Reached skill level 3 in Dodging
  2853 | D:4      | HP: 5/46 [wight/+0 falchion (7)]
  2853 | D:4      | Mangled by a wight

Levels and vault maps discovered:
D:1:      reono_arrival_forest_river, layout_basic
D:2:      layout_loops_cross, serial_forest, infiniplex_forest_lined_3_way,
          infiniplex_forest_clump_diagonal, infiniplex_forest_lined_2,
          infiniplex_forest_clump_small, infiniplex_forest_clump_tiny,
          infiniplex_forest_straight_4, infiniplex_forest_lined_ring,
          infiniplex_forest_clump_diagonal, infiniplex_forest_end_2
D:3:      wad_river_or_something, layout_basic, lemuel_doored_altar,
          nicolae_tso_besieged_by_evil
D:4:      layout_loops_corners, yredelemnul_forgotten_temple_becter,
          serial_bayou_lake_a

Skill      XL: |  1  2  3  4  5  6 |
---------------+-------------------+-----
Ranged Weapons | 4 5 |  5.1
Fighting       | 3 |  3.1
Armour         | 1 |  1.2
Dodging        | 3 |  3.4
Stealth        | |  0.7

Action                     |  1- 3 |  4- 6 || total
---------------------------+-------+-------++-------
   Fire: Shortbow          |   117 |   112 ||   229
    Use: Scroll            |     7 |     3 ||    10
         Potion            |     3 |     1 ||     4
 Armour: Leather armour    |    28 |     2 ||    30
         Ring mail         |       |    34 ||    34
  Dodge: Dodged            |    28 |    34 ||    62

Table legend:
 A = Non-vault XP
 B = Vault XP
 C = Vault XP percentage of total XP
 D = Non-vault monster count
 E = Vault monster count
 F = Vault count percentage of total count
                 A         B        C        D         E       F
            +---------+---------+-------+---------+---------+-------
      Total |     352 |      49 |  12.2 |      53 |      20 |  27.4
            +---------+---------+-------+---------+---------+-------
        D:1 |      37 |       0 |   0.0 |      26 |       0 |   0.0
        D:2 |      27 |       0 |   0.0 |      10 |       0 |   0.0
        D:3 |      61 |      49 |  44.5 |      12 |      20 |  62.5
        D:4 |     227 |       0 |   0.0 |       5 |       0 |   0.0
            +---------+---------+-------+---------+---------+-------
